 Dungeon Crawl Stone Soup version 0.30-b1-2-g02819fbbbe (webtiles) character file.

Game seed: 8888105129321798090

701 Mesmaeker13 the Caller (level 7, 0/59 HPs)
             Began as an Ogre Summoner on Aug 2, 2023.
             Succumbed to a killer bee's poison
             ... on level 5 of the Dungeon.
             The game lasted 00:11:08 (4391 turns).

Mesmaeker13 the Caller (Ogre Summoner)              Turns: 4391, Time: 00:11:09

Health: 0/59       AC:  3    Str: 13    XL:     7   Next: 66%
Magic:  14/14      EV: 10    Int: 18    God:
Gold:   144        SH:  0    Dex:  9    Spells: 6/16 levels left

rFire   . . .        q - +2 halberd (venom)
rCold   . . .        (shield currently unavailable)
rNeg    . . .        a - +0 robe
rPois   .            (helmet restricted)
rElec   .            (no cloak)
rCorr   .            (gloves unavailable)
SInv    .            (boots unavailable)
Will    .....        (no amulet)
Stlth   +            (no ring)
HPRegen 0.29/turn    (no ring)
MPRegen 0.14/turn

%: no passive effects
@: mighty, brilliant, lethally poisoned (0 -> -2), invisible
A: large, unfitting armour, tough skin 1
a: no special abilities


You were on level 5 of the Dungeon.
You visited 1 branch of the dungeon, and saw 5 of its levels.

You collected 144 gold pieces.

Inventory:

Hand Weapons
 j - a +3 war axe
 q - a +2 halberd of venom (weapon)
Missiles
 p - a throwing net
Armour
 a - a +0 robe (worn)
 f - a +0 kite shield
Scrolls
 g - 4 scrolls of teleportation
 l - 2 scrolls of torment
 m - a scroll of immolation
Potions
 b - a potion of magic
 c - 2 potions of haste
 d - a potion of lignification
 h - 2 potions of flight


   Skills:
 + Level 4.6 Dodging
 - Level 1.4 Stealth
 - Level 5.0 Spellcasting
 + Level 5.6 Summonings
 + Level 1.7 Air Magic


You had 6 spell levels left.
You knew the following spells:

 Your Spells              Type           Power      Damage    Failure   Level
a - Summon Small Mammal   Summ           100%       N/A       1%          1
b - Call Imp              Summ           74%        N/A       1%          2
c - Call Canine Familiar  Summ           37%        N/A       4%          3
d - Summon Lightning Spi  Summ/Air       26%        N/A       28%         4

Your spell library contained the following spells:

 Spells                   Type           Power      Damage    Failure   Level
 Summon Guardian Golem    Hex/Summ       22%        N/A       13%         3


Dungeon Overview and Level Annotations

Branches:
Dungeon (5/15)
 Temple: D:4-7

Altars:
Nemelex Xobeh
Wu Jian

Shops:
D:3 [

Annotations:
D:4 2 exclusions, Menkaure


Innate Abilities, Weirdness & Mutations

You are too large for most types of armour.
You have tough skin. (AC +1)


Message History

As you read the scroll of teleportation, it crumbles to dust.
You feel strangely unstable.
Your surroundings suddenly seem different.
A killer bee and an orc come into view.
Found a chain mail.
Found a sparkling altar of Nemelex Xobeh.
Found a stone staircase leading down.
The killer bee buzzes angrily. x2
The killer bee stings you. x2
You are poisoned.
The killer bee poisons you!
As you read the scroll of teleportation, it crumbles to dust.
You feel strangely unstable.
You feel sick. The killer bee stings you. The killer bee barely misses you.
The killer bee stings you. The killer bee barely misses you.
Unknown command.
It was a potion of invisibility.
You fade into invisibility!
You feel sick. The killer bee misses you. The killer bee stings you.
* * * LOW HITPOINT WARNING * * *
The orc barely misses you. The killer bee stings you.
* * * LOW HITPOINT WARNING * * *
The killer bee stings you.
* * * LOW HITPOINT WARNING * * *
It was a potion of brilliance.
You feel clever all of a sudden.
You feel sick. The killer bee stings you.
* * * LOW HITPOINT WARNING * * *
The killer bee stings you.
* * * LOW HITPOINT WARNING * * *
The killer bee barely misses you. The orc barely misses you.
The killer bee barely misses you. x2; The killer bee closely misses you.
You feel very mighty all of a sudden.
Your surroundings seem slightly different.
Found a scroll labelled FEVUAH OLIBOY.
* * * LOW HITPOINT WARNING * * *
You feel sick.
Unknown command.
Unknown command.
You die...

#. #.##########.
............
#.#?........
#...........
#...........
######...........
...##...........
#......#@..#...
#....[######
##.###.y...#
.._###oyy..#
##.###.y....###########
#....#...........##
#...##.............
..... #............
......# #..<.......


There were no monsters in sight!

Vanquished Creatures
  A phantom (D:4)
  A gnoll sergeant (D:3)
  A howler monkey (D:3)
  3 hounds
  An iguana (D:4)
  An adder (D:4)
  2 gnolls (D:3)
  A worm (D:4)
  A dart slug (D:3)
  4 orcs (D:3)
  An endoplasm (D:3)
  4 goblins
  4 hobgoblins
  5 jackals (D:3)
  4 kobolds
  2 quokkas (D:1)
  6 ball pythons
  4 bats
  2 frilled lizards
  2 rats (D:2)
50 creatures vanquished.

Vanquished Creatures (collateral kills)
  A hound (D:4)
  An orc priest (D:3)
  An orc wizard (D:3)
  19 gnolls (D:3)
  2 adders
  7 orcs (D:3)
  A ball python (D:1)
  3 endoplasms
  A giant cockroach (D:3)
  A goblin (D:3)
  2 hobgoblins
  7 jackals (D:3)
  4 bats
  A frilled lizard (D:1)
  A rat (D:1)
52 creatures vanquished.

Vanquished Creatures (others)
  A fungus (D:3)
  A plant (D:3)
2 creatures vanquished.

Grand Total: 104 creatures vanquished

Notes
Turn   | Place    | Note
-------+----------+-------------------------------------------
     0 | D:1      | Mesmaeker13 the Ogre Summoner began the quest for the Orb.
     0 | D:1      | Reached XP level 1. HP: 16/16 MP: 3/3
   202 | D:1      | Reached XP level 2. HP: 15/24 MP: 5/5
   865 | D:2      | Learned a level 2 spell: Call Imp
  1156 | D:2      | Reached XP level 3. HP: 31/31 MP: 3/7
  1404 | D:3      | Found an ornate altar of the Wu Jian Council.
  1463 | D:3      | Reached XP level 4. HP: 30/39 MP: 9/9
  1602 | D:3      | Found Poaquc's Armour Boutique.
  1768 | D:3      | Reached XP level 5. HP: 45/45 MP: 7/10
  1997 | D:3      | Learned a level 3 spell: Call Canine Familiar
  2051 | D:3      | Reached XP level 6. HP: 49/53 MP: 7/12
  2867 | D:3      | Reached skill level 5 in Summonings
  3101 | D:3      | Reached skill level 5 in Spellcasting
  3101 | D:3      | Reached XP level 7. HP: 59/59 MP: 14/14
  3117 | D:3      | Learned a level 4 spell: Summon Lightning Spire
  3689 | D:4      | Reached skill level 1 in Air Magic
  4237 | D:4      | Noticed Menkaure
  4314 | D:5      | Entered Level 5 of the Dungeon
  4386 | D:5      | Found a sparkling altar of Nemelex Xobeh.
  4389 | D:5      | HP: 2/59 [killer bee (2)]
  4391 | D:5      | Succumbed to a killer bee's poison

Illustrated notes

Levels and vault maps discovered:
D:1:      amcnicky_arrival_flooded_fountain, layout_loops_cross
D:2:      layout_rooms
D:3:      lemuel_castle_with_subvaults [lemuel_castle_interior_carwin_3],
          layout_basic, nicolae_wu_jian_wuxing_cycle, serial_shops,
          nicolae_lakefront_shop, nrook_mini_vaults
D:4:      layout_loops_ring, uniq_menkaure
D:5:      layout_rooms, lemuel_doored_altar, minmay_holes, minivault_26,
          kennysheep_generic_room_15, uniq_blork_the_orc, uniq_duvessa

Skill      XL: |  1  2  3  4  5  6  7 |
---------------+----------------------+-----
Dodging        | 2 3 4 |  4.6
Spellcasting   | 3 4 5 |  5.0
Summonings     | 4 5 |  5.6
Air Magic      | 1 |  1.7
Stealth        | |  1.4

Action                     |  1- 3 |  4- 6 |  7- 9 || total
---------------------------+-------+-------+-------++-------
  Melee: Club              |    50 |       |       ||    50
         Unarmed           |     5 |       |       ||     5
         Spear             |    55 |    99 |       ||   154
         Halberd           |       |     2 |    46 ||    48
   Cast: Summon Small Mamm |    15 |     1 |       ||    16
         Call Imp          |     7 |    23 |     5 ||    35
         Call Canine Famil |       |    16 |     8 ||    24
    Use: Scroll            |     4 |     1 |     3 ||     8
         Potion            |     1 |       |     3 ||     4
   Stab: Sleeping          |     1 |       |     3 ||     4
         Distracted        |       |     1 |       ||     1
 Armour: Robe              |    43 |    10 |     4 ||    57
         Skin              |    15 |       |       ||    15
  Dodge: Dodged            |    62 |    31 |    28 ||   121
